Match 42548627
Unlisted

Match 42548627
End
Construct Section Command Post
Dingo Light Scout Car
Infantry Section
Infantry Section
Infantry Section
Selects Air and Sea Battlegroup
Selects Supply Surplus
Construct Field Infirmary
Forward Retreat Point
Construct Platoon Command Post
Unlock Bishop Self-propelled Artillery
Royal Engineer Section
Bishop Self-propelled Artillery
Selects Commando Section Paradrop
Selects Commando Support Section Paradrop
Light Vehicle Training
Commando Support Section Paradrop
Construct Company Command Post
Bishop Self-propelled Artillery
Royal Engineer Section
Unlock Towed 17-pounder Anti-tank Guns
Foot Guards Section
Selects Anti-tank Rocket Loiter
17-pounder Anti-tank Gun Team
Anti-tank Rocket Loiter
Unlock M3 Grant Medium Tanks
M3 Grant Medium Tank
Armored Vehicle Training
Selects UNKNOWN (223837)
Anti-tank Rocket Loiter
Royal Engineer Section
M3 Grant Medium Tank
B1t
1Div MED
Luzinit24
Alekel
Spartan0237
鷹教皇
DirtyPriest
CPU - VERY EASY
0
0

Comments sign in to comment!

No comments posted yet!